 Dungeon Crawl Stone Soup version bcrawl-1.37.2 (webtiles) character file.

Game seed: 4464956972516700184

280045 Mehrunes the Arsonist (level 12, 0/73 (74) HPs)
             Began as a Mummy Fire Elementalist on Nov 7, 2022.
             Was an Elder of Vehumet.
             Slain by an eight-headed hydra (1 damage)
             ... while petrified by a basilisk
             ... on level 3 of the Lair of Beasts.
             The game lasted 00:35:18 (18291 turns).

Mehrunes the Arsonist (Mummy Fire Elementalist)    Turns: 18291, Time: 00:35:18

HP:   0/73 (74)     AC: 14    Str: 13    XL:     12   Next: 25%
MP:   27/34         EV:  2    Int: 18    God:    Vehumet [****..]
Gold: 867           SH:  0    Dex: 12    Spells: 3/29 levels left

rFire    . . .     GDR:     24% t - staff of wizardry
rCold    + + .     SeeInvis .   (no shield)
rNeg     + + +     Gourm    .   B - +4 ring mail of the Several Lies {Stlth+}
rPois    ∞         Faith    .   f - +1 helmet
rElec    .         Spirit   .   o - +0 cloak
rCorr    .         Reflect  .   D - +0 pair of gloves of the Buccaneer {rF+ rC+ MP+9}
MR       +....     Clarity  +   y - +0 pair of boots
Stlth    ++........             (no amulet)
HPRegen  0.22/turn              (no ring)
MPRegen  0.24/turn              n - ring of wizardry

@: petrified
A: no food or potions, fire vulnerability, clarity, cold resistance 1, negative
energy resistance 3, torment resistance, unbreathing, strong hexes 1
a: Renounce Religion


You were on level 3 of the Lair of Beasts.
You worshipped Vehumet.
Vehumet was greatly pleased with you.
You were not hungry.

You visited 2 branches of the dungeon, and saw 13 of its levels.

You collected 1139 gold pieces.
You spent 272 gold pieces at shops.

Inventory:

Hand Weapons
 h - a +0 whip
 m - a +0 dagger of venom
 v - a +1 dagger of electrocution
Missiles
 d - 3020 stones
 p - 291 poisoned tomahawks (quivered)
 F - 4 throwing nets {=f}
Armour
 f - a +1 helmet (worn)
 o - a +0 cloak (worn)
 y - a +0 pair of boots (worn)
 B - the +4 ring mail of the Several Lies (worn) {Stlth+}
   (You found it on level 9 of the Dungeon)

   It makes you more stealthy.
 C - +0 acid dragon scales
 D - the +0 pair of gloves of the Buccaneer (worn) {rF+ rC+ MP+9}
   (You acquired it on level 10 of the Dungeon)

   It protects you from fire.
   It protects you from cold.
   It affects your magic capacity (+9).
Magical Staves
 t - an uncursed staff of wizardry (weapon)
Jewellery
 a - an uncursed ring of insulation {unknown}
 n - a ring of wizardry (right hand)
 r - the ring "Neush" {*Tele rPois rC+++ Str-5 Slay+2}
   (You found it on level 5 of the Dungeon)

   [ring of teleportation]

   It may teleport you next to monsters.
   It affects your strength (-5).
   It affects your accuracy and damage with ranged weapons and melee attacks
   (+2).
   It renders you almost immune to cold.
   It protects you from poison.
 E - a cursed ring of ice
Wands
 c - a wand of flame (45)
 q - a wand of random effects (9)
 s - a wand of iceblast (3)
 w - a wand of polymorph (2)
Scrolls
 b - 6 scrolls of blinking
 e - 4 scrolls of teleportation
 g - 5 scrolls of amnesia
 i - a scroll of identify
 j - 5 scrolls of enchant armour
 k - 4 scrolls of fear
 l - 5 scrolls of remove curse
 u - a scroll of immolation
 x - 2 scrolls of magic mapping
 z - a scroll of vulnerability
 A - a scroll of fog {unknown}


   Skills:
 - Level 1.5 Dodging
 - Level 2.1 Stealth
 - Level 9.0 Spellcasting
 - Level 10.0 Conjurations
 + Level 12.6 Fire Magic


You had 3 spell levels left.
You knew the following spells:

 Your Spells              Type           Power        Failure   Level  Hunger
a - Flame Tongue          Conj/Fire      #####        1%          1    N/A
b - Conjure Flame         Conj/Fire      #####...     1%          3    N/A
c - Sticky Flame          Conj/Fire      #####...     1%          4    N/A
d - Fireball              Conj/Fire      #####.....   1%          5    N/A
e - Bolt of Magma         Conj/Fire/Erth #####.....   1%          5    N/A
f - Ignition              Fire           ######....   38%         8    N/A

Your spell library contained the following spells:

 Spells                   Type           Power        Failure   Level  Hunger
 Yara's Violent Unravell  Hex/Tmut       ##........   13%         4    N/A
 Freeze                   Ice            #.....       1%          1    N/A
 Magic Dart               Conj           ####         1%          1    N/A
 Flaming Arrows           Chrm/Fire      ####....     1%          2    N/A
 Searing Ray              Conj           #####...     1%          2    N/A
 Throw Frost              Conj/Ice       ####..       1%          2    N/A
 Inner Flame              Hex/Fire       N/A          1%          3    N/A
 Iskenderun's Mystic Bla  Conj           #####...     1%          3    N/A
 Ozocubu's Armour         Chrm/Ice       #.......     16%         3    N/A
 Fulminant Prism          Conj/Hex       #####.....   1%          4    N/A
 Throw Icicle             Conj/Ice       ####....     1%          4    N/A
 Bolt of Fire             Conj/Fire      #####.....   2%          6    N/A
 Irradiate                Conj/Tmut      ####......   5%          5    N/A
 Steam Barrier            Chrm/Fire      ####......   11%         5    N/A
 Summon Ice Beast         Ice/Summ       #.......     43%         4    N/A
 Ice Form                 Ice/Tmut       Unusable     N/A         4    N/A

Dungeon Overview and Level Annotations

Branches:
Dungeon (10/12)            Temple (0/1) D:7            Lair (3/6) D:9
  Swamp (0/3) Lair:2        Snake (0/3) Lair:2
    Orc: D:8-11

Altars:
Cheibriados
Dithmenos
Fedhas
Lugonu
Makhleb
Nemelex Xobeh
Qazlal
Sif Muna
Trog
Uskayaw
Vehumet
Wu Jian
Xom
Yredelemnul

Shops:
D:4 [   D:5 *?!((   D:6 [   D:9 %

Annotations:
Lair:1 2 transporters, Pingasnik's ghost, journeyman TrMA
Lair:2 1 runed translucent door, Odghilao's ghost, journeyman EnFi


Innate Abilities, Weirdness & Mutations

You do not eat or drink.
Your flesh is vulnerable to fire.
You are immune to poison.
You possess an exceptional clarity of mind.
Your flesh is cold resistant. (rC+)
You are immune to negative energy. (rN+++)
You are immune to unholy pain and torment.
You can survive without breathing.
Your hexes are more powerful.


Message History

The eight-headed hydra barely misses you.
The eight-headed hydra bites you.
The eight-headed hydra bites you but does no damage.
The eight-headed hydra bites you! The eight-headed hydra bites you!
* * * LOW HITPOINT WARNING * * *
The eight-headed hydra bites you!
* * * LOW HITPOINT WARNING * * *
The eight-headed hydra bites you. x2
* * * LOW HITPOINT WARNING * * *
The eight-headed hydra bites you but does no damage. x2
The eight-headed hydra bites you!
* * * LOW HITPOINT WARNING * * *
The eight-headed hydra bites you.
* * * LOW HITPOINT WARNING * * *
The eight-headed hydra bites you!
* * * LOW HITPOINT WARNING * * *
The eight-headed hydra barely misses you.
The eight-headed hydra bites you.
You die...

,,,,,,* ##.....P.##*,#......#
**,,,** #.......## **#......#
,#.,** ###.......# ##.....#*
,#..#* #.#.....### #......##
,#...* *#......## #.......#
.#...# ####......P# #......##
†+...###.###.....## ##.....##
.................# #P.....P#
.+.....#.#.#...†@# #P......#
.#......#####..rD######P.....##
.......## #......##.##......##*
.#.....# #.....††.t..........#
#......# ##.................##
.<.....#****#.#####P##P......##
.......##,,*#.# ####.......P#
...........,..** ##.......#
.#..#PP##....,,* #.......#*


You could see an eight-headed hydra and a porcupine.

Vanquished Creatures
  Urug (Lair:1)
  Fannar (Lair:1)
  Harold (Lair:1)
  2 tengu warriors
  Nergalle (D:9)
  2 black mambas
  2 cane toads
  A gargoyle (D:6)
  A rime drake (Lair:3)
  An eye of draining (D:9)
  2 komodo dragons
  A troll (D:8)
  A hornet (D:9)
  10 blink frogs
  A meliai zombie (D:8)
  A spriggan (D:7)
  2 wyverns
  11 yaks
  3 basilisks
  Eustachio (D:6)
  A hungry ghost (D:6)
  9 vampire mosquitoes (Lair:2)
  Edmund (D:6)
  An acid dragon (D:9)
  A naga (Lair:2)
  5 crocodiles
  2 water moccasins (Lair:1)
  2 porcupines (Lair:1)
  6 orc warriors
  A hornet zombie (D:9)
  A phantom (D:9)
  An ice beast (D:5)
  2 sky beasts
  2 black bears
  4 ogres
  5 wolves (Lair:1)
  4 bullfrogs
  Blork the orc (D:5)
  A wyvern zombie (D:5)
  A centaur (D:8)
  2 scorpions
  4 killer bees (D:10)
  An electric eel (Lair:2)
  A howler monkey (D:3)
  5 orc priests
  8 crimson imps
  2 jellies
  2 hounds
  8 orc wizards
  A bullfrog skeleton (D:6)
  2 iguanas
  Ijyb (D:5)
  Natasha (thrice) (D:3)
  7 worker ants
  2 hound zombies
  A hound skeleton (D:9)
  3 gnolls (D:9)
  10 adders
  2 shadow imps
  2 oozes
  2 adder zombies
  4 worms
  2 dart slugs (D:1)
  3 leopard geckos
  36 orcs
  A ball python (D:4)
  A giant cockroach (D:2)
  9 goblins
  11 hobgoblins
  2 jackals (D:7)
  5 quokkas
  7 bats
  2 frilled lizards
  9 kobolds
  A quokka skeleton (D:6)
  9 rats
  A plant (Lair:2)
269 creatures vanquished.

Vanquished Creatures (others)
  A fungus (Lair:1)
  2 plants (Lair:1)
3 creatures vanquished.

Grand Total: 272 creatures vanquished

Notes
Turn   | Place    | Note
-------+----------+-------------------------------------------
     0 | D:1      | Mehrunes the Mummy Fire Elementalist began the quest for
                  | the Orb.
     0 | D:1      | Reached XP level 1. HP: 13/13 MP: 4/4
    50 | D:1      | Reached skill level 1 in Conjurations
   291 | D:1      | Reached XP level 2. HP: 19/19 MP: 3/6
   769 | D:1      | Reached XP level 3. HP: 24/24 MP: 5/7
  1156 | D:2      | Found a snail-covered altar of Cheibriados.
  1259 | D:2      | Reached skill level 3 in Fire Magic
  1350 | D:2      | Learned a level 3 spell: Conjure Flame
  1416 | D:2      | Found a faded altar of an unknown god.
  1660 | D:2      | Reached XP level 4. HP: 26/30 MP: 4/9
  1819 | D:2      | Found a bloodstained altar of Trog.
  2133 | D:3      | Learned a level 4 spell: Sticky Flame
  2252 | D:3      | Found a radiant altar of Vehumet.
  2256 | D:3      | Became a worshipper of Vehumet
  2562 | D:3      | Noticed Natasha
  2568 | D:3      | Killed Natasha
  2569 | D:3      | Reached XP level 5. HP: 27/35 MP: 7/11
  2697 | D:3      | Found a shimmering blue altar of Sif Muna.
  2915 | D:4      | Found a shadowy altar of Dithmenos.
  3059 | D:4      | Found a hide-covered altar of Uskayaw.
  3061 | D:4      | Found a shimmering altar of Xom.
  3061 | D:4      | Found a burning altar of Makhleb.
  3062 | D:4      | Found a stormy altar of Qazlal.
  3434 | D:4      | Found Notaisum's Antique Armour Shoppe.
  3447 | D:4      | Bought a cloak for 139 gold pieces
  3547 | D:4      | Found a shimmering altar of Xom.
  3650 | D:3      | Noticed Natasha
  3660 | D:3      | Killed Natasha
  3661 | D:3      | Reached skill level 5 in Spellcasting
  3661 | D:3      | Reached XP level 6. HP: 19/41 MP: 7/13
  3857 | D:3      | Found a radiant altar of Vehumet.
  3901 | D:3      | Noticed Natasha
  3905 | D:3      | Killed Natasha
  4234 | D:3      | Found a shimmering blue altar of Sif Muna.
  4539 | D:4      | Reached skill level 4 in Fire Magic
  5257 | D:5      | Entered Level 5 of the Dungeon
  5264 | D:5      | Learned a level 5 spell: Fireball
  5328 | D:5      | Reached XP level 7. HP: 46/46 MP: 8/15
  5354 | D:5      | Found Ixunih's Distillery.
  5450 | D:5      | Noticed a wyvern
  5495 | D:5      | Killed a wyvern
  5529 | D:5      | Found Beeskyik's General Store.
  5534 | D:5      | Bought a scroll of blinking for 75 gold pieces
  5558 | D:5      | Noticed Blork the orc
  5581 | D:5      | Killed Blork the orc
  5646 | D:5      | Reached skill level 5 in Fire Magic
  5762 | D:5      | Got a slimy lead ring
  5883 | D:5      | Identified the ring "Neush" {*Tele rPois rC+++ Str-5
                  | Slay+2} (You found it on level 5 of the Dungeon)
  6043 | D:5      | Noticed Ijyb
  6046 | D:5      | Killed Ijyb
  6099 | D:5      | Found Guitriad's Magic Scroll Shoppe.
  6226 | D:5      | Reached XP level 8. HP: 45/52 MP: 10/18
  6456 | D:5      | Found Voumeosm's Weapon Boutique.
  6629 | D:5      | Found Heifol's Weapon Shop.
  7321 | D:6      | Found a corrupted altar of Lugonu.
  7449 | D:6      | Reached skill level 5 in Conjurations
  7615 | D:6      | Noticed Edmund
  7637 | D:6      | Killed Edmund
  7640 | D:6      | Reached * piety under Vehumet
  7640 | D:6      | Offered knowledge of Freeze by Vehumet.
  7753 | D:6      | Noticed a gargoyle
  8004 | D:6      | Found Pear's Armour Shop.
  8013 | D:6      | Bought a +0 pair of boots for 58 gold pieces
  8024 | D:6      | Noticed Eustachio
  8063 | D:6      | Killed a gargoyle
  8064 | D:6      | Reached skill level 6 in Fire Magic
  8358 | D:6      | Killed Eustachio
  8359 | D:6      | Reached XP level 9. HP: 57/57 MP: 14/21
  8513 | D:6      | Found a basalt altar of Yredelemnul.
  8907 | D:7      | Reached skill level 7 in Fire Magic
  9130 | D:7      | Found a staircase to the Ecumenical Temple.
  9832 | D:8      | Found a blossoming altar of Fedhas.
 10113 | D:8      | Noticed a troll
 10122 | D:8      | Killed a troll
 10390 | D:8      | Found a sparkling altar of Nemelex Xobeh.
 10440 | D:8      | Reached skill level 8 in Fire Magic
 10773 | D:8      | Found an ornate altar of the Wu Jian Council.
 10842 | D:8      | Found an ornate altar of the Wu Jian Council.
 10916 | D:8      | Found a blossoming altar of Fedhas.
 11388 | D:8      | Found a sparkling altar of Nemelex Xobeh.
 11569 | D:9      | Noticed Nergalle
 11932 | D:9      | Reached XP level 10. HP: 57/63 MP: 13/22
 12079 | D:9      | Offered knowledge of Sandblast by Vehumet.
 12139 | D:9      | Reached ** piety under Vehumet
 12403 | D:9      | Found Jexoot's Food Emporium.
 12666 | D:9      | Killed Nergalle
 12667 | D:9      | Reached skill level 9 in Fire Magic
 12910 | D:9      | Got a fading ring mail
 13073 | D:9      | Identified the +4 ring mail of the Several Lies {Stlth+}
                  | (You found it on level 9 of the Dungeon)
 13182 | D:9      | Found a staircase to the Lair.
 13274 | D:10     | Entered Level 10 of the Dungeon
 13294 | D:10     | Identified a scroll of acquirement
 13296 | D:10     | Identified the +0 buckler "Hovekk" {*Slow MR+ MP+9} (You
                  | acquired it on level 10 of the Dungeon)
 13296 | D:10     | Identified the ring of the Morning {Ice *Corrode rN+ Dex+3}
                  | (You acquired it on level 10 of the Dungeon)
 13389 | D:10     | Identified the +0 pair of gloves of the Buccaneer {rF+ rC+
                  | MP+9} (You acquired it on level 10 of the Dungeon)
 13499 | D:10     | Learned a level 5 spell: Bolt of Magma
 13835 | D:10     | Offered knowledge of Shock by Vehumet.
 14138 | D:10     | Noticed a tengu warrior
 14140 | D:10     | Noticed a tengu warrior
 14197 | D:9      | Killed a tengu warrior
 14198 | D:9      | Reached XP level 11. HP: 39/68 MP: 22/23
 14275 | D:9      | Learned a level 8 spell: Ignition
 14501 | D:10     | Reached *** piety under Vehumet
 14619 | D:10     | Found a roughly hewn altar of Beogh.
 14721 | D:10     | Killed a tengu warrior
 14721 | D:10     | Offered knowledge of Fulminant Prism by Vehumet.
 15069 | Lair:1   | Entered Level 1 of the Lair of Beasts
 15121 | Lair:1   | Reached skill level 10 in Fire Magic
 15158 | Lair:1   | Found a transporter.
 15159 | Lair:1   | Noticed Pingasnik's ghost (journeyman TrMA)
 15197 | Lair:1   | Found a transporter.
 15437 | Lair:1   | Noticed Fannar
 15594 | Lair:1   | Reached skill level 10 in Conjurations
 15735 | Lair:1   | Noticed Urug
 15959 | Lair:1   | Killed Urug
 16158 | Lair:1   | Killed Fannar
 16159 | Lair:1   | Reached skill level 11 in Fire Magic
 16626 | Lair:2   | Found a staircase to the Snake Pit.
 16664 | Lair:2   | Reached **** piety under Vehumet
 16748 | Lair:2   | Offered knowledge of Yara's Violent Unravelling by Vehumet.
 16749 | Lair:2   | Noticed Harold
 16759 | Lair:1   | Killed Harold
 16931 | Lair:2   | Found a runed translucent door.
 16934 | Lair:2   | Noticed Odghilao's ghost (journeyman EnFi)
 17129 | Lair:2   | Reached XP level 12. HP: 70/74 MP: 25/25
 17142 | Lair:2   | Found a staircase to the Swamp.
 17225 | Lair:2   | Reached skill level 12 in Fire Magic
 18233 | Lair:3   | Found a gate leading to a gauntlet.
 18266 | Lair:3   | Noticed an eight-headed hydra
 18291 | Lair:3   | HP: 1/73 [eight-headed hydra (6)]
 18291 | Lair:3   | Slain by an eight-headed hydra

Skill      XL: |  1  2  3  4  5  6  7  8  9 10 11 12 |
---------------+-------------------------------------+-----
Conjurations   | 1 2 3 4 5 7 9 10 | 10.0
Spellcasting   | 3 4 5 6 8 9 |  9.0
Fire Magic     | 3 4 5 6 8 9 11 12 | 12.6
Dodging        | |  1.5
Stealth        | |  2.1

Action                   |  1- 3 |  4- 6 |  7- 9 | 10-12 || total
-------------------------+-------+-------+-------+-------++-------
Melee: Whip              |     1 |       |       |       ||     1
       Dagger            |       |    20 |    32 |    35 ||    87
       Staff             |       |       |       |     3 ||     3
Throw: Tomahawk          |       |    63 |    19 |    39 ||   121
 Cast: Flame Tongue      |    80 |    64 |   216 |   101 ||   461
       Sticky Flame      |       |     1 |    28 |    50 ||    79
       Fireball          |       |       |     4 |    52 ||    56
       Conjure Flame     |       |       |    14 |     4 ||    18
       Bolt of Magma     |       |       |       |    45 ||    45
Evoke: Wand              |       |       |     7 |     7 ||    14
  Use: Scroll            |       |       |     2 |    11 ||    13
Armor: Robe              |    19 |    33 |    36 |       ||    88
       Troll leather arm |       |       |     5 |    19 ||    24
       Ring mail         |       |       |       |    70 ||    70
Dodge: Dodged            |    33 |    49 |    75 |   102 ||   259
